 Dungeon Sprint DCSS version 0.13-a0-1606-g53bcbbc (webtiles) character file.

1200000 Fv001 the Wrestler (level 13, -2/186 HPs)
             Began as a Lava Orc Monk on June 14, 2013.
             Slain by a meat berserker
             ... wielding a +9,+9 battleaxe
              (29 damage)
             ... in the Dungeon (Sprint VIII: "Arena of Blood").
             The game lasted 00:01:12 (12 turns).

Fv001 the Wrestler (Lava Orc Monk)                    Turns: 12, Time: 00:01:14

HP  -2/186       AC  2     Str 20      XL: 13   Next: 14%
MP  12/12        EV 21     Int 13      God:
Gold 0           SH  0     Dex 14      Spells:  0 memorised, 12 levels left

Res.Fire  : + + +   See Invis. : .   i - +∞ Axe of Woe
Res.Cold  : x . .   Warding    : .   a - +0 orc robe
Life Prot.: . . .   Conserve   : .   (no shield)
Res.Poison: .       Res.Corr.  : .   (no helmet)
Res.Elec. : .       Clarity    : .   (no cloak)
Sust.Abil.: . .     Spirit.Shd : .   (no gloves)
Res.Mut.  : .       Prev.Telep.: +   (no boots)
Res.Rott. : .       Flight     : .   (no amulet)
Saprovore : + . .                    (no ring)
                                     (no ring)

@: berserking, very quick, somewhat resistant to hostile enchantments, extremely
unstealthy
A: conserve scrolls, saprovore 1
a: no special abilities


You were in the Dungeon.
You were not hungry.

You visited 1 branch

Inventory:

Hand weapons
 i - the +∞,+∞ Axe of Woe (weapon)
   (You found it in the Dungeon)
Armour
 a - a +0 orcish robe (worn)
Comestibles
 b - a meat ration
Scrolls
 h - a scroll of blinking
Potions
 c - a potion of curing
 e - a potion of speed
 f - 2 potions of magic


   Skills:
 + Level 19.6 Fighting
   Level 0.0 Short Blades
   Level 0.0 Long Blades
 + Level 0.0 Axes
   Level 0.0 Maces & Flails
   Level 0.0 Polearms
   Level 0.0 Staves
   Level 0.0 Slings
   Level 0.0 Bows
   Level 0.0 Crossbows
 + Level 0.0 Throwing
 + Level 0.0 Armour
 + Level 14.7 Dodging
 + Level 6.1 Stealth
   Level 0.0 Stabbing
   Level 0.0 Shields
 + Level 0.0 Traps
 + Level 26.7 Unarmed Combat
 + Level 0.0 Spellcasting
   Level 0.0 Conjurations
   Level 0.0 Hexes
   Level 0.0 Charms
   Level 0.0 Summonings
   Level 0.0 Necromancy
   Level 0.0 Translocations
   Level 0.0 Transmutations
   Level 0.0 Fire Magic
   Level 0.0 Ice Magic
   Level 0.0 Air Magic
   Level 0.0 Earth Magic
   Level 0.0 Poison Magic
   Level 0.0 Invocations
   Level 0.0 Evocations


You had 12 spell levels left.
You didn't know any spells.

Dungeon Overview and Level Annotations

Branches:
Dungeon (1/1)

Altars:
Makhleb


Innate Abilities, Weirdness & Mutations

You have stony skin.
You cover ground quickly.
Your flesh is almost immune to the effects of heat.
Your fire spells are more powerful.
Your flesh is vulnerable to cold.
Your heat harms attackers.
You bathe your surroundings in blazing heat.
You are too hot to use scrolls.
You are very good at protecting items from fire.
You can tolerate rotten meat.


Message History

Your Dodging skill increases to level 14!
Your Stealth skill increases to level 6!
Your Unarmed Combat skill increases to level 26!
You have reached level 13!
You hear a shout!
The meat berserker rages.
You hear a shout!
The meat berserker appears out of thin air!
A meat berserker comes into view. It is wielding a +9,+9 battleaxe.
You hear a shout! 3 ogres come into view.
Drink which item? (? for menu, Esc to quit)
A red film seems to cover your vision as you go berserk!
You feel yourself moving faster!
You feel mighty!
You burn with rage!
You're getting fired up.
You hear a shout!
The meat berserker is burned by your radiant heat.
The meat berserker is lightly wounded.
The meat berserker hits you with a +9,+9 battleaxe!
You die...

#... ..# #... ..#
.###... ..###..
.......###......
#........_.....
.... #.....# .....
#_.<._# .
.......#..O..#.....
#.....)O)@O.......
........O###.......
...###... ..###..
.. #.... ..#
#.......# .........
......... ........
...


You could see 4 meat berserkers.

Vanquished Creatures
  An ogre (D)
  2 orcs (D)
3 creatures vanquished.

Notes
Turn   | Place    | Note
--------------------------------------------------------------
     0 | D        | Fv001, the Lava Orc Monk, began the quest for the Orb.
     0 | D        | Reached XP level 1. HP: 17/17 MP: 0/0
     2 | D        | Noticed a bag of meat
     5 | D        | Noticed a bag of meat
     6 | D        | Killed a bag of meat
     6 | D        | Reached skill level 16 in Fighting
     6 | D        | Reached skill level 5 in Stealth
     6 | D        | Reached skill level 22 in Unarmed Combat
     6 | D        | Reached XP level 2. HP: 25/28 MP: 1/1
     6 | D        | Reached XP level 3. HP: 32/36 MP: 2/2
     6 | D        | Reached XP level 4. HP: 40/45 MP: 3/3
     6 | D        | Reached XP level 5. HP: 46/52 MP: 4/4
     6 | D        | Reached XP level 6. HP: 53/61 MP: 5/5
     6 | D        | Reached XP level 7. HP: 59/69 MP: 6/6
     6 | D        | Reached XP level 8. HP: 66/78 MP: 7/7
     6 | D        | Reached XP level 9. HP: 71/85 MP: 8/8
     6 | D        | Reached XP level 10. HP: 78/94 MP: 9/9
     6 | D        | Reached XP level 11. HP: 84/102 MP: 10/10
     7 | D        | Noticed a meat berserker
    10 | D        | Noticed a meat berserker
    10 | D        | Killed a meat berserker
    10 | D        | Reached skill level 25 in Unarmed Combat
    10 | D        | Reached XP level 12. HP: 31/114 MP: 11/11
    11 | D        | Killed a bag of meat
    11 | D        | Reached skill level 26 in Unarmed Combat
    11 | D        | Reached XP level 13. HP: 17/124 MP: 12/12
    12 | D        | Noticed a meat berserker
    12 | D        | Noticed a meat berserker
    12 | D        | Noticed a meat berserker
    12 | D        | Slain by a meat berserker

Action                   |  1- 3 |  4- 6 |  7- 9 | 10-12 | 13-15 || total
-------------------------+-------+-------+-------+-------+-------++-------
Melee: Executioner's axe |     1 |       |       |     2 |       ||     3
  Use: Potion            |       |       |       |     1 |     1 ||     2
